[ AOE2 MATCH · #504921547 ]
UnrankedCumans vs Vietnamese
Player's team · WIN
[ REPLAY ANALYSIS · EXTRACTED FROM THE RECORDED GAME ]
Feudal
10:19
Castle
25:25
Imperial
—
| APM avg | 73.3 |
| APM peak | 124 |
| eAPM avg | 39.8 |
| Villagers / military | 109 / 59 |
Focus
⚔️ 58.5% · 🌾 41.5%
Archer ×30 · Cavalry Archer ×19 · Spearman ×5 · Militia ×3 · Scout Cavalry ×2
Feudal
10:44
Castle
15:42
Imperial
—
| APM avg | 71.0 |
| APM peak | 126 |
| eAPM avg | 44.3 |
| Villagers / military | 74 / 34 |
Focus
⚔️ 51.3% · 🌾 48.7%
Fire Lancer ×26 · Battering Ram ×4 · Scorpion ×3 · Battle Elephant ×1
Match map
Initial resources + every placement click. Lines = walls · curves = elevation contours. ◆ gold · ⬟ stone · ● berries · ✦ relic · ◌ wall gap
Your base· Open — 2t gap
Ro0kiE_'s base· Open — 4t gap
Smoothed initial terrain · ◌ = detected wall gap · hover for details
Inputs per minute
— F1Re - - Ro0kiE_
Build order — F1Re
First 150 of 277 actions detected
| 0:01 | Queue | Villager (Male) |
| 0:02 | Build | House |
| 0:03 | Build | House |
| 0:05 | Queue | Villager (Male) |
| 0:05 | Queue | Villager (Male) |
| 0:17 | Queue | Villager (Male) |
| 0:17 | Queue | Villager (Male) |
| 1:33 | Queue | Villager (Male) |
| 1:54 | Queue | Villager (Male) |
| 2:12 | Build | Barracks |
| 2:27 | Queue | Villager (Male) |
| 2:27 | Queue | Villager (Male) |
| 2:28 | Queue | Villager (Male) |
| 2:31 | Build | House |
| 2:58 | Queue | Villager (Male) |
| 2:58 | Queue | Villager (Male) |
| 3:16 | Queue | Villager (Male) |
| 3:17 | Queue | Villager (Male) |
| 3:17 | Queue | Villager (Male) |
| 3:26 | Build | House |
| 3:40 | Queue | Militia |
| 3:56 | Queue | Villager (Male) |
| 3:56 | Queue | Villager (Male) |
| 4:06 | Research | Loom |
| 4:06 | Research | Loom |
| 4:22 | Queue | Villager (Male) |
| 4:22 | Queue | Villager (Male) |
| 4:29 | Build | House |
| 4:35 | Queue | Militia |
| 5:01 | Queue | Villager (Male) |
| 5:01 | Queue | Villager (Male) |
| 5:01 | Queue | Villager (Male) |
| 5:25 | Queue | Villager (Male) |
| 5:26 | Queue | Villager (Male) |
| 5:44 | Queue | Militia |
| 5:53 | Queue | Villager (Male) |
| 6:18 | Queue | Villager (Male) |
| 6:19 | Queue | Villager (Male) |
| 6:19 | Queue | Villager (Male) |
| 6:33 | Build | Lumber Camp |
| 7:26 | Queue | Villager (Male) |
| 8:09 | Research | Feudal Age |
| 8:09 | Research | Feudal Age |
| 8:09 | Research | Feudal Age |
| 10:12 | Queue | Villager (Male) |
| 10:19 | Age | Feudal Age |
| 10:19 | Build | House |
| 10:24 | Queue | Villager (Male) |
| 10:25 | Build | Town Center |
| 10:27 | Research | Double-Bit Axe |
| 10:35 | Build | Mill |
| 10:47 | Queue | Villager (Male) |
| 11:01 | Queue | Villager (Male) |
| 11:19 | Research | Horse Collar |
| 11:22 | Build | Farm |
| 11:22 | Queue | Villager (Male) |
| 11:31 | Queue | Villager (Male) |
| 11:44 | Build | Farm |
| 12:01 | Queue | Villager (Male) |
| 12:06 | Queue | Villager (Male) |
| 12:06 | Queue | Villager (Male) |
| 12:10 | Build | Farm |
| 12:11 | Build | Farm |
| 12:18 | Queue | Spearman |
| 12:21 | Queue | Villager (Male) |
| 12:21 | Queue | Villager (Male) |
| 12:34 | Build | Farm |
| 12:36 | Build | Farm |
| 12:45 | Queue | Villager (Male) |
| 12:45 | Queue | Villager (Male) |
| 12:45 | Queue | Villager (Male) |
| 12:54 | Build | House |
| 12:56 | Queue | Villager (Male) |
| 12:56 | Queue | Villager (Male) |
| 13:00 | Queue | Villager (Male) |
| 13:07 | Build | Farm |
| 13:10 | Build | Farm |
| 13:13 | Queue | Villager (Male) |
| 13:14 | Queue | Villager (Male) |
| 13:20 | Build | House |
| 13:33 | Queue | Villager (Male) |
| 13:46 | Queue | Villager (Male) |
| 13:46 | Queue | Villager (Male) |
| 13:46 | Queue | Villager (Male) |
| 13:49 | Build | Farm |
| 13:51 | Build | Lumber Camp |
| 13:53 | Build | Farm |
| 13:53 | Queue | Villager (Male) |
| 13:53 | Queue | Villager (Male) |
| 14:03 | Build | Farm |
| 14:05 | Queue | Villager (Male) |
| 14:05 | Queue | Villager (Male) |
| 14:26 | Queue | Spearman |
| 14:28 | Queue | Villager (Male) |
| 14:28 | Queue | Villager (Male) |
| 14:33 | Build | Mining Camp |
| 14:43 | Queue | Villager (Male) |
| 14:59 | Queue | Spearman |
| 15:00 | Build | Farm |
| 15:01 | Build | House |
| 15:01 | Queue | Villager (Male) |
| 15:10 | Queue | Spearman |
| 15:23 | Queue | Villager (Male) |
| 15:23 | Queue | Villager (Male) |
| 15:27 | Build | House |
| 15:47 | Queue | Villager (Male) |
| 15:59 | Queue | Villager (Male) |
| 16:02 | Queue | Spearman |
| 16:04 | Build | Farm |
| 16:05 | Build | Farm |
| 16:07 | Queue | Villager (Male) |
| 16:23 | Queue | Villager (Male) |
| 16:26 | Build | Archery Range |
| 16:46 | Queue | Villager (Male) |
| 16:46 | Queue | Villager (Male) |
| 16:55 | Queue | Villager (Male) |
| 17:09 | Build | Farm |
| 17:09 | Queue | Archer |
| 17:11 | Queue | Villager (Male) |
| 17:13 | Build | Blacksmith |
| 17:16 | Build | Watch Tower |
| 17:17 | Queue | Villager (Male) |
| 17:31 | Build | Watch Tower |
| 17:35 | Queue | Villager (Male) |
| 17:37 | Build | Watch Tower |
| 17:40 | Queue | Archer |
| 17:41 | Build | Lumber Camp |
| 17:42 | Queue | Villager (Male) |
| 17:43 | Queue | Villager (Male) |
| 17:55 | Research | Town Watch |
| 17:56 | Research | Town Watch |
| 18:01 | Queue | Archer |
| 18:05 | Queue | Archer |
| 18:20 | Build | House |
| 18:24 | Build | Mining Camp |
| 18:25 | Queue | Villager (Male) |
| 18:26 | Queue | Villager (Male) |
| 18:26 | Queue | Archer |
| 18:38 | Build | House |
| 18:39 | Build | House |
| 18:41 | Research | Fletching |
| 18:41 | Research | Fletching |
| 18:43 | Build | House |
| 18:45 | Build | House |
| 18:47 | Queue | Archer |
| 18:47 | Queue | Archer |
| 18:55 | Build | Farm |
| 19:11 | Queue | Archer |
| 19:25 | Queue | Villager (Male) |
| 19:30 | Queue | Villager (Male) |
Build order — Ro0kiE_
First 150 of 184 actions detected
| 0:01 | Queue | Villager (Male) |
| 0:02 | Queue | Villager (Male) |
| 0:04 | Build | House |
| 0:06 | Build | House |
| 0:29 | Build | House |
| 0:31 | Queue | Villager (Male) |
| 0:31 | Queue | Villager (Male) |
| 1:34 | Queue | Villager (Male) |
| 2:01 | Queue | Villager (Male) |
| 2:01 | Queue | Villager (Male) |
| 2:21 | Queue | Villager (Male) |
| 2:33 | Build | Lumber Camp |
| 2:41 | Queue | Villager (Male) |
| 3:12 | Queue | Villager (Male) |
| 3:12 | Queue | Villager (Male) |
| 3:29 | Queue | Villager (Male) |
| 3:30 | Queue | Villager (Male) |
| 3:54 | Build | House |
| 4:00 | Queue | Villager (Male) |
| 4:21 | Queue | Villager (Male) |
| 5:10 | Queue | Villager (Male) |
| 5:10 | Queue | Villager (Male) |
| 5:21 | Build | House |
| 5:48 | Queue | Villager (Male) |
| 6:03 | Queue | Villager (Male) |
| 6:51 | Queue | Villager (Male) |
| 6:59 | Research | Loom |
| 7:49 | Build | Barracks |
| 8:02 | Queue | Villager (Male) |
| 8:34 | Research | Feudal Age |
| 8:50 | Build | House |
| 9:24 | Queue | Villager (Male) |
| 10:06 | Build | Mining Camp |
| 10:41 | Build | House |
| 10:44 | Age | Feudal Age |
| 10:51 | Build | Blacksmith |
| 10:52 | Queue | Villager (Male) |
| 10:56 | Build | House |
| 11:11 | Build | Stable |
| 11:11 | Queue | Villager (Male) |
| 11:14 | Build | House |
| 11:23 | Queue | Villager (Male) |
| 11:37 | Build | Mill |
| 12:13 | Build | Market |
| 12:33 | Build | House |
| 13:02 | Research | Castle Age |
| 13:02 | Research | Castle Age |
| 13:07 | Build | Farm |
| 13:08 | Build | Farm |
| 13:10 | Build | Farm |
| 13:15 | Build | Farm |
| 13:19 | Queue | Villager (Male) |
| 14:04 | Build | Barracks |
| 14:27 | Build | Farm |
| 14:35 | Research | Scale Mail Armor |
| 14:35 | Research | Scale Mail Armor |
| 14:54 | Build | Mining Camp |
| 15:06 | Build | Barracks |
| 15:30 | Build | House |
| 15:31 | Build | Palisade Wall |
| 15:35 | Build | Palisade Wall |
| 15:41 | Build | Palisade Wall |
| 15:42 | Age | Castle Age |
| 15:43 | Build | Palisade Wall |
| 15:46 | Build | Palisade Wall |
| 15:49 | Queue | Villager (Male) |
| 15:52 | Build | Palisade Wall |
| 15:56 | Queue | Fire Lancer |
| 15:56 | Queue | Fire Lancer |
| 15:59 | Build | Siege Workshop |
| 16:00 | Queue | Villager (Male) |
| 16:01 | Build | Farm |
| 16:19 | Queue | Fire Lancer |
| 16:22 | Queue | Villager (Male) |
| 16:44 | Build | Palisade Wall |
| 16:47 | Build | Palisade Wall |
| 16:47 | Build | Palisade Wall |
| 16:51 | Build | Palisade Wall |
| 16:58 | Queue | Villager (Male) |
| 17:06 | Queue | Fire Lancer |
| 17:06 | Queue | Fire Lancer |
| 17:19 | Queue | Battering Ram |
| 17:26 | Queue | Villager (Male) |
| 17:36 | Build | House |
| 17:40 | Queue | Fire Lancer |
| 17:40 | Queue | Fire Lancer |
| 17:49 | Research | Squires |
| 17:49 | Research | Squires |
| 17:54 | Research | Squires |
| 17:54 | Research | Squires |
| 17:56 | Queue | Fire Lancer |
| 18:15 | Build | Barracks |
| 18:20 | Build | House |
| 18:22 | Queue | Fire Lancer |
| 18:22 | Queue | Fire Lancer |
| 18:27 | Queue | Villager (Male) |
| 18:44 | Queue | Villager (Male) |
| 18:44 | Queue | Villager (Male) |
| 18:58 | Queue | Battering Ram |
| 19:15 | Queue | Villager (Male) |
| 19:17 | Build | Farm |
| 19:42 | Queue | Fire Lancer |
| 19:42 | Queue | Fire Lancer |
| 19:42 | Queue | Fire Lancer |
| 19:44 | Queue | Villager (Male) |
| 19:59 | Queue | Fire Lancer |
| 20:08 | Queue | Villager (Male) |
| 20:09 | Queue | Fire Lancer |
| 20:09 | Queue | Fire Lancer |
| 20:20 | Queue | Villager (Male) |
| 20:20 | Queue | Villager (Male) |
| 20:37 | Queue | Battering Ram |
| 20:37 | Queue | Battering Ram |
| 20:42 | Build | House |
| 20:54 | Queue | Villager (Male) |
| 20:54 | Queue | Villager (Male) |
| 20:58 | Build | House |
| 21:09 | Queue | Villager (Male) |
| 21:14 | Queue | Fire Lancer |
| 21:14 | Queue | Fire Lancer |
| 21:26 | Build | House |
| 21:48 | Queue | Fire Lancer |
| 21:49 | Queue | Fire Lancer |
| 21:55 | Queue | Villager (Male) |
| 21:56 | Queue | Villager (Male) |
| 22:01 | Queue | Fire Lancer |
| 22:01 | Queue | Fire Lancer |
| 22:16 | Queue | Villager (Male) |
| 22:16 | Queue | Villager (Male) |
| 22:29 | Build | Mill |
| 22:57 | Queue | Scorpion |
| 22:58 | Queue | Villager (Male) |
| 22:59 | Queue | Villager (Male) |
| 23:19 | Queue | Fire Lancer |
| 23:19 | Queue | Fire Lancer |
| 23:30 | Queue | Villager (Male) |
| 23:33 | Queue | Villager (Male) |
| 23:33 | Queue | Villager (Male) |
| 23:46 | Build | Farm |
| 23:49 | Build | Farm |
| 23:50 | Queue | Fire Lancer |
| 23:50 | Queue | Fire Lancer |
| 24:04 | Build | Farm |
| 24:07 | Queue | Villager (Male) |
| 24:08 | Queue | Villager (Male) |
| 24:13 | Build | Farm |
| 24:25 | Build | Farm |
| 24:25 | Build | Farm |
| 24:55 | Queue | Villager (Male) |
| 25:06 | Queue | Villager (Male) |
Match timeline
| 2:12 | F1Re · first_building Barracks |
| 7:49 | Ro0kiE_ · first_building Barracks |
| 10:19 | F1Re · age_up feudal |
| 10:44 | Ro0kiE_ · age_up feudal |
| 11:11 | Ro0kiE_ · first_building Stable |
| 12:59 | Ro0kiE_ · first_market_buy 100 food |
| 12:59 | Ro0kiE_ · first_market_sell 100 stone |
| 15:31 | Ro0kiE_ · wall_segment Palisade Wall x1 |
| 15:35 | Ro0kiE_ · wall_segment Palisade Wall x1 |
| 15:41 | Ro0kiE_ · wall_segment Palisade Wall x1 |
| 15:42 | Ro0kiE_ · age_up castle |
| 15:43 | Ro0kiE_ · wall_segment Palisade Wall x1 |
| 15:46 | Ro0kiE_ · wall_segment Palisade Wall x1 |
| 15:52 | Ro0kiE_ · wall_segment Palisade Wall x1 |
| 15:59 | Ro0kiE_ · first_building Siege Workshop |
| 16:26 | F1Re · first_building Archery Range |
| 16:44 | Ro0kiE_ · wall_segment Palisade Wall x1 |
| 16:47 | Ro0kiE_ · wall_segment Palisade Wall x1 |
| 16:47 | Ro0kiE_ · wall_segment Palisade Wall x1 |
| 16:51 | Ro0kiE_ · wall_segment Palisade Wall x1 |
| 20:31 | F1Re · first_building Stable |
| 20:37 | F1Re · first_market_buy 100 food |
| 25:02 | F1Re · first_market_sell 100 wood |
| 25:25 | F1Re · age_up castle |
| 29:41 | Ro0kiE_ · resign |
[ AI ANALYSIS · 1 CREDIT ]
What really happened in this match?
Wolo.gg analyzes every decision: build order, eco, micro, common mistakes by bracket. Personalized analysis on WhatsApp or Discord in 30 seconds.
Civ guide
Cumans
Perfil
F1Re